 Dungeon Crawl Stone Soup version 0.23.2-40-g277498a001 (webtiles) character file.

Game seed: 15266580711067842810

30 Emblim88 the Caller (level 3, -2/19 HPs)
             Began as a Deep Elf Summoner on Sept 19, 2019.
             Slain by an adder (4 damage)
             ... on level 2 of the Dungeon.
             The game lasted 00:06:24 (1378 turns).

Emblim88 the Caller (Deep Elf Summoner)             Turns: 1378, Time: 00:06:25

Health: -2/19      AC:  2    Str:  5    XL:     3   Next: 5%
Magic:  6/10       EV: 13    Int: 20    God:
Gold:   40         SH:  0    Dex: 15    Spells: 7/10 levels left

rFire    . . .     SeeInvis .   f - +0 hunting sling
rCold    . . .     Gourm    .   (no shield)
rNeg     . . .     Faith    .   a - +0 robe
rPois    .         Spirit   .   (no helmet)
rElec    .         Reflect  .   (no cloak)
rCorr    .         Harm     .   (no gloves)
MR       .....                  (no boots)
Stlth    ++........             (no amulet)
HPRegen  0.06/turn              (no ring)
MPRegen  0.12/turn              (no ring)

@: lethally poisoned (-2 -> -9)
A: no striking features
a: no special abilities


You were on level 2 of the Dungeon.
You were not hungry.

You visited 1 branch of the dungeon, and saw 2 of its levels.

You collected 40 gold pieces.

Inventory:

Hand Weapons
 b - a +0 club
 f - a +0 hunting sling (weapon)
Missiles
 d - 67 stones (quivered)
 j - 12 poisoned needles
Armour
 a - a +0 robe (worn)
Jewellery
 l - an uncursed ring of positive energy
Scrolls
 e - a scroll of enchant weapon {unknown}
 g - a scroll of blinking {unknown}
 h - a scroll of identify {unknown}
 k - 2 scrolls of remove curse {unknown}
 m - a scroll of magic mapping {unknown}
Potions
 i - a potion of invisibility {unknown}
 n - a potion of might {unknown}
Comestibles
 c - a ration


   Skills:
 + Level 2.6 Dodging
 + Level 2.4 Stealth
 + Level 4.0 Spellcasting
 + Level 4.9 Summonings


You had 7 spell levels left.
You knew the following spells:

 Your Spells              Type           Power        Failure   Level  Hunger
a - Summon Small Mammal   Summ           ###.         1%          1    None
b - Call Imp              Summ           ###.....     2%          2    #......

Your spell library contained the following spells:

 Spells                   Type           Power        Failure   Level  Hunger
 Call Canine Familiar     Summ           ###.....     4%          3    ###....
 Summon Guardian Golem    Hex/Summ       ##......     14%         3    ###....
 Summon Ice Beast         Ice/Summ       ##......     43%         4    ####...
 Summon Lightning Spire   Summ/Air       ##......     43%         4    ####...


Dungeon Overview and Level Annotations

Branches:
Dungeon (2/15)

Altars:


Message History

The adder bites you.
You are poisoned.
The adder poisons you!
You feel sick. The adder closely misses you.
A hobgoblin comes into view. It is wielding a +0 club.
Your crimson imp barely misses the adder.
The hobgoblin drinks a potion.
The hobgoblin suddenly seems more agile.
The adder bites you. x2
Your crimson imp barely misses the adder.
Your white imp closely misses the adder.
The adder bites you.
* * * LOW HITPOINT WARNING * * *
You are more poisoned.
The adder poisons you!
Your crimson imp hits the adder.
Your white imp hits the adder.
Your white imp freezes the adder.
The adder seems to slow down.
* * * LOW HITPOINT WARNING * * *
You feel sick. The adder bites you.
You die...

##..# #......# #.....
#... ..# ##.#..###..#
..## ..#.......##...#
..........#.... #
#.....(.g.#.#.#
####.##....)....#.#.###
.......................
.###(..5@5##(...!##.
.......(...S...##.#.#
##.##..#####.#.##.#.#..
...#...#...#.#......#
..#.............##. ..
#...........### #. .
.#...........# .#
.(.....<.....#
.##..........#


You could see an adder, a hobgoblin, a friendly crimson imp and a friendly white
imp.

Vanquished Creatures
  A ball python (D:2)
  A rat (D:2)
2 creatures vanquished.

Vanquished Creatures (collateral kills)
  2 dart slugs
  2 leopard geckos (D:1)
  6 bats
  A giant cockroach (D:1)
  6 goblins (D:1)
  4 hobgoblins (D:1)
  7 kobolds (D:1)
  2 ball pythons (D:1)
  2 frilled lizards
  6 rats (D:1)
38 creatures vanquished.

Grand Total: 40 creatures vanquished

Notes
Turn   | Place    | Note
-------+----------+-------------------------------------------
     0 | D:1      | Emblim88 the Deep Elf Summoner began the quest for the Orb.
     0 | D:1      | Reached XP level 1. HP: 10/10 MP: 6/6
   273 | D:1      | Reached XP level 2. HP: 12/15 MP: 1/8
   711 | D:1      | Learned a level 2 spell: Call Imp
  1336 | D:2      | Reached XP level 3. HP: 19/19 MP: 7/10
  1378 | D:2      | Slain by an adder

Skill      XL: |  1  2  3 |
---------------+----------+-----
Spellcasting   | 4 |  4.0
Dodging        | |  2.6
Stealth        | |  2.4
Summonings     | |  4.9

Action                   || total
-------------------------++-------
Melee: Hunting sling     ||     6
 Fire: Hunting sling     ||     6
 Cast: Summon Small Mamm ||    43
       Call Imp          ||    19
  Eat: Ration            ||     1
Armor: Robe              ||    18
Dodge: Dodged            ||    69
